 Dungeon Crawl Stone Soup version 0.29.1-12-g30fa7ad0bf (webtiles) character file.

Game seed: 14775106417713733002

142 112233 the Shield-Bearer (level 5, -4/37 HPs)
             Began as an Octopode Fighter on Dec 17, 2022.
             Splashed by a jelly's acid (10 damage)
             ... on level 3 of the Dungeon.
             The game lasted 00:01:05 (1638 turns).

112233 the Shield-Bearer (Octopode Fighter)         Turns: 1638, Time: 00:01:05

Health: -4/37      AC:  1    Str: 16    XL:     5   Next: 24%
Magic:  5/5        EV: 13    Int: 12    God:
Gold:   81         SH:  4    Dex: 11    Spells: 4/4 levels left

rFire   . . .      SeeInvis +   a - +0 trident
rCold   . . .      Faith    .   b - +0 buckler
rNeg    . . .      Spirit   .   (helmet restricted)
rPois   .          Reflect  .   (no amulet)
rElec   .          Harm     .   k - ring of see invisible
rCorr   .          Rampage  .   l - ring of flight
Will    .....                   (no ring)
Stlth   ++........              (no ring)
HPRegen 0.12/turn               (no ring)
MPRegen 0.09/turn               (no ring)
                                (no ring)
                                (no ring)

@: mighty, flying
A: almost no armour, amphibious, 8 rings, camouflage 1, gelatinous body 1,
(nimble swimmer 1), tentacles
a: no special abilities


You were on level 3 of the Dungeon.
You visited 1 branch of the dungeon, and saw 3 of its levels.

You collected 81 gold pieces.

Inventory:

Hand Weapons
 a - a +0 trident (weapon)
Armour
 b - a +0 buckler (worn)
Jewellery
 k - a ring of see invisible (left tentacle)
 l - a ring of flight (right tentacle)
Scrolls
 e - a scroll of magic mapping {unknown}
 f - 2 scrolls of identify {unknown}
 g - 3 scrolls of enchant weapon {unknown}
 i - 2 scrolls of summoning {unknown}
 n - a scroll of fog {unknown}
Potions
 c - 2 potions of might
 d - a potion of resistance {unknown}
 h - a potion of haste {unknown}
 j - 3 potions of ambrosia {unknown}
 m - 2 potions of curing {unknown}
 o - a potion of brilliance {unknown}


   Skills:
 + Level 3.8 Fighting
 + Level 3.1 Polearms
 + Level 3.8 Dodging
 + Level 3.9 Shields


You had 4 spell levels left.
You didn't know any spells.
Your spell library contained the following spells:

 Spells                   Type           Power      Damage    Failure   Level
 Freeze                   Ice            0%         1d3       38%         1
 Sting                    Tmut/Pois      0%         1d3       38%         1
 Poisonous Vapours        Pois/Air       0%         N/A       54%         2
 Static Discharge         Conj/Air       0%         3-3/arc   54%         2
 Frozen Ramparts          Ice            0%         1d1       77%         3
 Dispel Undead            Necr           0%         3d6       99%         4
 Hailstorm                Conj/Ice       0%         3d3       99%         4
 Olgreb's Toxic Radiance  Pois           0%         N/A       99%         4
 Sticky Flame             Conj/Fire      0%         2d3       99%         4


Dungeon Overview and Level Annotations

Branches:
Dungeon (3/15)

Altars:
Xom

Shops:
D:1 [


Innate Abilities, Weirdness & Mutations

You cannot wear most types of armour.
You are amphibious.
You can wear up to eight rings at the same time.
Your skin changes colour to match your surroundings (Stealth+).
Your rubbery body absorbs attacks. (AC +1, EV +1)
((You are camouflaged when in or above water. (Stealth+)))
You have tentacles for arms and can constrict up to eight enemies at once.


Message History

You tentacle-slap the frilled lizard.
You kill the frilled lizard!
The kobold throws a stone.
The stone barely misses you.
You feel very mighty all of a sudden. The necrophage hits you.
You feel drained.
You closely miss the necrophage. Your grab misses the necrophage.
The necrophage barely misses you.
You puncture the necrophage! Your grab misses the necrophage.
You squeeze the necrophage!
You destroy the necrophage!
Your life force feels restored.
Your Polearms skill increases to level 3!
You have reached level 5!
You feel stronger.
You hit the quokka. Your grab misses the quokka.
The quokka is almost dead.
The quokka closely misses you. The quokka misses you.
You puncture the quokka!
You kill the quokka!
You puncture the kobold!
You kill the kobold!
Unknown command.
You barely miss the orc. Your grab misses the orc. The orc barely misses you.
You closely miss the orc. You grab the orc. You constrict the orc.
The orc completely misses you.
You hit the orc.
The orc is almost dead.
You constrict the orc.
You kill the orc!
You puncture the jelly!
Your tentacles burn!
The jelly is heavily wounded.
The jelly hits you.
You are splashed with acid!
* * * LOW HITPOINT WARNING * * *
The jelly closely misses you.
You barely miss the jelly.
The jelly is heavily wounded.
The jelly hits you.
* * * LOW HITPOINT WARNING * * *
You are splashed with acid!
You die...

#################
.......)........##
##..)########'...# ##
#..#...(....#.#.# P..
##.#.'####'.#.#@# J~P.
#.#.#....#.#.#J# ~~.~.
#.#.#.##.#.#.#.##~.r~~~
#.#.#.##.#.#....†K~≈r.~
#.#.#....#.#...#o~~≈~~.
#.#.'####'.#.#...~~≈≈.~
#.#.. ..#.###..~≈~~.
#.+## ##'. .~~~~.~ ..
#~.~.♣~


You could see a jelly.

Vanquished Creatures
  A necrophage (D:3)
  3 adders
  A worm (D:1)
  A dart slug (D:1)
  2 orcs (D:3)
  4 endoplasms
  2 giant cockroaches (D:2)
  8 goblins
  5 hobgoblins
  6 kobolds
  4 quokkas
  4 ball pythons
  A bat (D:2)
  3 frilled lizards
  2 rats
47 creatures vanquished.

Vanquished Creatures (others)
  29 plants (D:3)
29 creatures vanquished.

Grand Total: 76 creatures vanquished

Notes
Turn   | Place    | Note
-------+----------+-------------------------------------------
     0 | D:1      | 112233 the Octopode Fighter began the quest for the Orb.
     0 | D:1      | Reached XP level 1. HP: 16/16 MP: 1/1
   102 | D:1      | Reached XP level 2. HP: 12/21 MP: 2/2
   375 | D:1      | Found Foatifye's Antique Armour Boutique.
   621 | D:1      | Reached XP level 3. HP: 25/26 MP: 3/3
   680 | D:2      | Identified the +0 helmet "Hyjeigif" {rElec rC++ Str-2
                  | Slay+4}
  1031 | D:2      | Found a faded altar of an unknown god.
  1048 | D:2      | Reached XP level 4. HP: 31/31 MP: 4/4
  1170 | D:2      | Found a shimmering altar of Xom.
  1614 | D:3      | Noticed a necrophage
  1630 | D:3      | Killed a necrophage
  1631 | D:3      | Reached XP level 5. HP: 23/37 MP: 5/5
  1638 | D:3      | Splashed by a jelly's acid

Illustrated notes

Levels and vault maps discovered:
D:1:      dreamdust_arrival_beginning_and_end, layout_rooms, serial_shops, shop
D:2:      layout_basic, basic_ecumenical_altar, basic_altar
D:3:      layout_basic, serial_bayou, serial_bayou_shore_a, serial_bayou_pond_c,
          serial_bayou_pond_d, serial_bayou_ford_a, serial_bayou_pond_b,
          serial_bayou_pond_d, minivault_11

Skill      XL: |  1  2  3  4 |
---------------+-------------+-----
Polearms       | 3 |  3.1
Fighting       | |  3.8
Dodging        | |  3.8
Shields        | |  3.9

Action                   |  1- 3 |  4- 6 || total
-------------------------+-------+-------++-------
Melee: Trident           |    67 |    35 ||   102
       Constrict         |    12 |     6 ||    18
       Tentacles         |     6 |     4 ||    10
       Punch             |       |     2 ||     2
  Use: Potion            |       |     1 ||     1
 Stab: Sleeping          |     8 |     2 ||    10
Armor: Skin              |     4 |     1 ||     5
Dodge: Dodged            |    28 |    13 ||    41
Block: Buckler           |     6 |     1 ||     7
